%YAML 1.1
%TAG !u! tag:unity3d.com,2011:
--- !u!1 &3209430349359388165
GameObject:
  m_ObjectHideFlags: 0
  m_CorrespondingSourceObject: {fileID: 0}
  m_PrefabInstance: {fileID: 0}
  m_PrefabAsset: {fileID: 0}
  serializedVersion: 6
  m_Component:
  - component: {fileID: 1596725221553781214}
  m_Layer: 0
  m_Name: PilierIndustriel (1)
  m_TagString: Untagged
  m_Icon: {fileID: 0}
  m_NavMeshLayer: 0
  m_StaticEditorFlags: 0
  m_IsActive: 1
--- !u!4 &1596725221553781214
Transform:
  m_ObjectHideFlags: 0
  m_CorrespondingSourceObject: {fileID: 0}
  m_PrefabInstance: {fileID: 0}
  m_PrefabAsset: {fileID: 0}
  m_GameObject: {fileID: 3209430349359388165}
  m_LocalRotation: {x: 0, y: 0, z: 0, w: 1}
  m_LocalPosition: {x: -11.7, y: 0, z: -3.4}
  m_LocalScale: {x: 1, y: 1, z: 1}
  m_Children:
  - {fileID: 5673159287160900736}
  - {fileID: 1097312069786828481}
  - {fileID: 6676222956353698442}
  - {fileID: 8309714911570518152}
  m_Father: {fileID: 0}
  m_RootOrder: 0
  m_LocalEulerAnglesHint: {x: 0, y: 0, z: 0}
--- !u!1001 &1095737986821100239
PrefabInstance:
  m_ObjectHideFlags: 0
  serializedVersion: 2
  m_Modification:
    m_TransformParent: {fileID: 1596725221553781214}
    m_Modifications:
    - target: {fileID: 1615870902439666, guid: 568f19399467fe54196f7374d3df0632, type: 3}
      propertyPath: m_Name
      value: Gale_Pillar_02_snaps002 (2)
      objectReference: {fileID: 0}
    - target: {fileID: 4143405420243982, guid: 568f19399467fe54196f7374d3df0632, type: 3}
      propertyPath: m_LocalPosition.x
      value: -17.955196
      objectReference: {fileID: 0}
    - target: {fileID: 4143405420243982, guid: 568f19399467fe54196f7374d3df0632, type: 3}
      propertyPath: m_LocalPosition.y
      value: 24.430336
      objectReference: {fileID: 0}
    - target: {fileID: 4143405420243982, guid: 568f19399467fe54196f7374d3df0632, type: 3}
      propertyPath: m_LocalPosition.z
      value: -29.371292
      objectReference: {fileID: 0}
    - target: {fileID: 4143405420243982, guid: 568f19399467fe54196f7374d3df0632, type: 3}
      propertyPath: m_LocalRotation.x
      value: -0
      objectReference: {fileID: 0}
    - target: {fileID: 4143405420243982, guid: 568f19399467fe54196f7374d3df0632, type: 3}
      propertyPath: m_LocalRotation.y
      value: -0
      objectReference: {fileID: 0}
    - target: {fileID: 4143405420243982, guid: 568f19399467fe54196f7374d3df0632, type: 3}
      propertyPath: m_LocalRotation.z
      value: -0
      objectReference: {fileID: 0}
    - target: {fileID: 4143405420243982, guid: 568f19399467fe54196f7374d3df0632, type: 3}
      propertyPath: m_LocalRotation.w
      value: 1
      objectReference: {fileID: 0}
    - target: {fileID: 4143405420243982, guid: 568f19399467fe54196f7374d3df0632, type: 3}
      propertyPath: m_RootOrder
      value: 1
      objectReference: {fileID: 0}
    - target: {fileID: 4143405420243982, guid: 568f19399467fe54196f7374d3df0632, type: 3}
      propertyPath: m_LocalEulerAnglesHint.x
      value: 0
      objectReference: {fileID: 0}
    - target: {fileID: 4143405420243982, guid: 568f19399467fe54196f7374d3df0632, type: 3}
      propertyPath: m_LocalEulerAnglesHint.y
      value: 0
      objectReference: {fileID: 0}
    - target: {fileID: 4143405420243982, guid: 568f19399467fe54196f7374d3df0632, type: 3}
      propertyPath: m_LocalEulerAnglesHint.z
      value: 0
      objectReference: {fileID: 0}
    - target: {fileID: 23818447841624278, guid: 568f19399467fe54196f7374d3df0632,
        type: 3}
      propertyPath: m_Materials.Array.data[1]
      value: 
      objectReference: {fileID: 2100000, guid: 7332bdaf1f2a0394ea703cbaf96db22e, type: 2}
    - target: {fileID: 23818447841624278, guid: 568f19399467fe54196f7374d3df0632,
        type: 3}
      propertyPath: m_Materials.Array.data[0]
      value: 
      objectReference: {fileID: 2100000, guid: 9dd3f5b3049028f4e948921f3bf87f79, type: 2}
    m_RemovedComponents: []
  m_SourcePrefab: {fileID: 100100000, guid: 568f19399467fe54196f7374d3df0632, type: 3}
--- !u!4 &1097312069786828481 stripped
Transform:
  m_CorrespondingSourceObject: {fileID: 4143405420243982, guid: 568f19399467fe54196f7374d3df0632,
    type: 3}
  m_PrefabInstance: {fileID: 1095737986821100239}
  m_PrefabAsset: {fileID: 0}
--- !u!1001 &5671619864579858574
PrefabInstance:
  m_ObjectHideFlags: 0
  serializedVersion: 2
  m_Modification:
    m_TransformParent: {fileID: 1596725221553781214}
    m_Modifications:
    - target: {fileID: 1615870902439666, guid: 568f19399467fe54196f7374d3df0632, type: 3}
      propertyPath: m_Name
      value: Gale_Pillar_02_snaps002 (1)
      objectReference: {fileID: 0}
    - target: {fileID: 4143405420243982, guid: 568f19399467fe54196f7374d3df0632, type: 3}
      propertyPath: m_LocalPosition.x
      value: -17.955196
      objectReference: {fileID: 0}
    - target: {fileID: 4143405420243982, guid: 568f19399467fe54196f7374d3df0632, type: 3}
      propertyPath: m_LocalPosition.y
      value: 18.350336
      objectReference: {fileID: 0}
    - target: {fileID: 4143405420243982, guid: 568f19399467fe54196f7374d3df0632, type: 3}
      propertyPath: m_LocalPosition.z
      value: -29.371292
      objectReference: {fileID: 0}
    - target: {fileID: 4143405420243982, guid: 568f19399467fe54196f7374d3df0632, type: 3}
      propertyPath: m_LocalRotation.x
      value: -0
      objectReference: {fileID: 0}
    - target: {fileID: 4143405420243982, guid: 568f19399467fe54196f7374d3df0632, type: 3}
      propertyPath: m_LocalRotation.y
      value: -0
      objectReference: {fileID: 0}
    - target: {fileID: 4143405420243982, guid: 568f19399467fe54196f7374d3df0632, type: 3}
      propertyPath: m_LocalRotation.z
      value: -0
      objectReference: {fileID: 0}
    - target: {fileID: 4143405420243982, guid: 568f19399467fe54196f7374d3df0632, type: 3}
      propertyPath: m_LocalRotation.w
      value: 1
      objectReference: {fileID: 0}
    - target: {fileID: 4143405420243982, guid: 568f19399467fe54196f7374d3df0632, type: 3}
      propertyPath: m_RootOrder
      value: 0
      objectReference: {fileID: 0}
    - target: {fileID: 4143405420243982, guid: 568f19399467fe54196f7374d3df0632, type: 3}
      propertyPath: m_LocalEulerAnglesHint.x
      value: 0
      objectReference: {fileID: 0}
    - target: {fileID: 4143405420243982, guid: 568f19399467fe54196f7374d3df0632, type: 3}
      propertyPath: m_LocalEulerAnglesHint.y
      value: 0
      objectReference: {fileID: 0}
    - target: {fileID: 4143405420243982, guid: 568f19399467fe54196f7374d3df0632, type: 3}
      propertyPath: m_LocalEulerAnglesHint.z
      value: 0
      objectReference: {fileID: 0}
    - target: {fileID: 23818447841624278, guid: 568f19399467fe54196f7374d3df0632,
        type: 3}
      propertyPath: m_Materials.Array.data[1]
      value: 
      objectReference: {fileID: 2100000, guid: 7332bdaf1f2a0394ea703cbaf96db22e, type: 2}
    - target: {fileID: 23818447841624278, guid: 568f19399467fe54196f7374d3df0632,
        type: 3}
      propertyPath: m_Materials.Array.data[0]
      value: 
      objectReference: {fileID: 2100000, guid: 9dd3f5b3049028f4e948921f3bf87f79, type: 2}
    m_RemovedComponents: []
  m_SourcePrefab: {fileID: 100100000, guid: 568f19399467fe54196f7374d3df0632, type: 3}
--- !u!4 &5673159287160900736 stripped
Transform:
  m_CorrespondingSourceObject: {fileID: 4143405420243982, guid: 568f19399467fe54196f7374d3df0632,
    type: 3}
  m_PrefabInstance: {fileID: 5671619864579858574}
  m_PrefabAsset: {fileID: 0}
--- !u!1001 &6676600809326564996
PrefabInstance:
  m_ObjectHideFlags: 0
  serializedVersion: 2
  m_Modification:
    m_TransformParent: {fileID: 1596725221553781214}
    m_Modifications:
    - target: {fileID: 1615870902439666, guid: 568f19399467fe54196f7374d3df0632, type: 3}
      propertyPath: m_Name
      value: Gale_Pillar_02_snaps002
      objectReference: {fileID: 0}
    - target: {fileID: 4143405420243982, guid: 568f19399467fe54196f7374d3df0632, type: 3}
      propertyPath: m_LocalPosition.x
      value: -17.955196
      objectReference: {fileID: 0}
    - target: {fileID: 4143405420243982, guid: 568f19399467fe54196f7374d3df0632, type: 3}
      propertyPath: m_LocalPosition.y
      value: 12.35539
      objectReference: {fileID: 0}
    - target: {fileID: 4143405420243982, guid: 568f19399467fe54196f7374d3df0632, type: 3}
      propertyPath: m_LocalPosition.z
      value: -29.371292
      objectReference: {fileID: 0}
    - target: {fileID: 4143405420243982, guid: 568f19399467fe54196f7374d3df0632, type: 3}
      propertyPath: m_LocalRotation.x
      value: -0
      objectReference: {fileID: 0}
    - target: {fileID: 4143405420243982, guid: 568f19399467fe54196f7374d3df0632, type: 3}
      propertyPath: m_LocalRotation.y
      value: -0
      objectReference: {fileID: 0}
    - target: {fileID: 4143405420243982, guid: 568f19399467fe54196f7374d3df0632, type: 3}
      propertyPath: m_LocalRotation.z
      value: -0
      objectReference: {fileID: 0}
    - target: {fileID: 4143405420243982, guid: 568f19399467fe54196f7374d3df0632, type: 3}
      propertyPath: m_LocalRotation.w
      value: 1
      objectReference: {fileID: 0}
    - target: {fileID: 4143405420243982, guid: 568f19399467fe54196f7374d3df0632, type: 3}
      propertyPath: m_RootOrder
      value: 2
      objectReference: {fileID: 0}
    - target: {fileID: 4143405420243982, guid: 568f19399467fe54196f7374d3df0632, type: 3}
      propertyPath: m_LocalEulerAnglesHint.x
      value: 0
      objectReference: {fileID: 0}
    - target: {fileID: 4143405420243982, guid: 568f19399467fe54196f7374d3df0632, type: 3}
      propertyPath: m_LocalEulerAnglesHint.y
      value: 0
      objectReference: {fileID: 0}
    - target: {fileID: 4143405420243982, guid: 568f19399467fe54196f7374d3df0632, type: 3}
      propertyPath: m_LocalEulerAnglesHint.z
      value: 0
      objectReference: {fileID: 0}
    - target: {fileID: 23818447841624278, guid: 568f19399467fe54196f7374d3df0632,
        type: 3}
      propertyPath: m_Materials.Array.data[1]
      value: 
      objectReference: {fileID: 2100000, guid: 7332bdaf1f2a0394ea703cbaf96db22e, type: 2}
    - target: {fileID: 23818447841624278, guid: 568f19399467fe54196f7374d3df0632,
        type: 3}
      propertyPath: m_Materials.Array.data[0]
      value: 
      objectReference: {fileID: 2100000, guid: 9dd3f5b3049028f4e948921f3bf87f79, type: 2}
    m_RemovedComponents: []
  m_SourcePrefab: {fileID: 100100000, guid: 568f19399467fe54196f7374d3df0632, type: 3}
--- !u!4 &6676222956353698442 stripped
Transform:
  m_CorrespondingSourceObject: {fileID: 4143405420243982, guid: 568f19399467fe54196f7374d3df0632,
    type: 3}
  m_PrefabInstance: {fileID: 6676600809326564996}
  m_PrefabAsset: {fileID: 0}
--- !u!1001 &8312714487737519238
PrefabInstance:
  m_ObjectHideFlags: 0
  serializedVersion: 2
  m_Modification:
    m_TransformParent: {fileID: 1596725221553781214}
    m_Modifications:
    - target: {fileID: 1615870902439666, guid: 568f19399467fe54196f7374d3df0632, type: 3}
      propertyPath: m_Name
      value: Gale_Pillar_02_snaps002 (3)
      objectReference: {fileID: 0}
    - target: {fileID: 4143405420243982, guid: 568f19399467fe54196f7374d3df0632, type: 3}
      propertyPath: m_LocalPosition.x
      value: -17.955196
      objectReference: {fileID: 0}
    - target: {fileID: 4143405420243982, guid: 568f19399467fe54196f7374d3df0632, type: 3}
      propertyPath: m_LocalPosition.y
      value: 30.46
      objectReference: {fileID: 0}
    - target: {fileID: 4143405420243982, guid: 568f19399467fe54196f7374d3df0632, type: 3}
      propertyPath: m_LocalPosition.z
      value: -29.371292
      objectReference: {fileID: 0}
    - target: {fileID: 4143405420243982, guid: 568f19399467fe54196f7374d3df0632, type: 3}
      propertyPath: m_LocalRotation.x
      value: -0
      objectReference: {fileID: 0}
    - target: {fileID: 4143405420243982, guid: 568f19399467fe54196f7374d3df0632, type: 3}
      propertyPath: m_LocalRotation.y
      value: -0
      objectReference: {fileID: 0}
    - target: {fileID: 4143405420243982, guid: 568f19399467fe54196f7374d3df0632, type: 3}
      propertyPath: m_LocalRotation.z
      value: -0
      objectReference: {fileID: 0}
    - target: {fileID: 4143405420243982, guid: 568f19399467fe54196f7374d3df0632, type: 3}
      propertyPath: m_LocalRotation.w
      value: 1
      objectReference: {fileID: 0}
    - target: {fileID: 4143405420243982, guid: 568f19399467fe54196f7374d3df0632, type: 3}
      propertyPath: m_RootOrder
      value: 3
      objectReference: {fileID: 0}
    - target: {fileID: 4143405420243982, guid: 568f19399467fe54196f7374d3df0632, type: 3}
      propertyPath: m_LocalEulerAnglesHint.x
      value: 0
      objectReference: {fileID: 0}
    - target: {fileID: 4143405420243982, guid: 568f19399467fe54196f7374d3df0632, type: 3}
      propertyPath: m_LocalEulerAnglesHint.y
      value: 0
      objectReference: {fileID: 0}
    - target: {fileID: 4143405420243982, guid: 568f19399467fe54196f7374d3df0632, type: 3}
      propertyPath: m_LocalEulerAnglesHint.z
      value: 0
      objectReference: {fileID: 0}
    - target: {fileID: 23818447841624278, guid: 568f19399467fe54196f7374d3df0632,
        type: 3}
      propertyPath: m_Materials.Array.data[1]
      value: 
      objectReference: {fileID: 2100000, guid: 7332bdaf1f2a0394ea703cbaf96db22e, type: 2}
    - target: {fileID: 23818447841624278, guid: 568f19399467fe54196f7374d3df0632,
        type: 3}
      propertyPath: m_Materials.Array.data[0]
      value: 
      objectReference: {fileID: 2100000, guid: 9dd3f5b3049028f4e948921f3bf87f79, type: 2}
    m_RemovedComponents: []
  m_SourcePrefab: {fileID: 100100000, guid: 568f19399467fe54196f7374d3df0632, type: 3}
--- !u!4 &8309714911570518152 stripped
Transform:
  m_CorrespondingSourceObject: {fileID: 4143405420243982, guid: 568f19399467fe54196f7374d3df0632,
    type: 3}
  m_PrefabInstance: {fileID: 8312714487737519238}
  m_PrefabAsset: {fileID: 0}
